 Dungeon Crawl Stone Soup version 0.21.1-1-g345015f (webtiles) character file.

6 letownia2 the Insei (level 1, -1/15 HPs)
             Began as a Merfolk Transmuter on Mar 20, 2018.
             Slain by a goblin
             ... wielding a +0 dagger
              (2 damage)
             ... on level 1 of the Dungeon.
             The game lasted 00:00:25 (79 turns).

letownia2 the Insei (Merfolk Transmuter)              Turns: 79, Time: 00:00:26

Health: -1/15      AC:  2    Str: 10    XL:     1   Next: 90%
Magic:  2/3        EV: 13    Int: 12    God:
Gold:   0          SH:  0    Dex: 14    Spells: 3/4 levels left

rFire    . . .     SeeInvis .     - Unarmed
rCold    . . .     Gourm    .   (no shield)
rNeg     . . .     Faith    .   b - +0 robe
rPois    .         Spirit   .   (no helmet)
rElec    .         Reflect  .   (no cloak)
rCorr    .         Harm     .   (no gloves)
MR       .....                  (no boots)
Stlth    ++........             (no amulet)
HPRegen  0.05/turn              (no ring)
MPRegen  0.08/turn              (no ring)

@: appendage
A: change form in water, swift swim, stealthy swim, horns 2
a: End Transformation


You were on level 1 of the Dungeon.
You were not hungry.
You had grown temporary horns.
You visited 1 branch of the dungeon, and saw 1 of its levels.

Inventory:

Missiles
 a - 12 arrows
Armour
 b - a +0 robe (worn)
 e - a +0 scale mail
Books
 c - a book of Changes

   Spells                             Type                      Level
   a - Beastly Appendage              Transmutation                1
   b - Sticks to Snakes               Transmutation                2
   c - Spider Form                    Transmutation/Poison         3
   d - Ice Form                       Ice/Transmutation            4
   e - Blade Hands                    Transmutation                5
Comestibles
 d - 2 rations


   Skills:
 + Level 1.1 Fighting
 + Level 3.0 Dodging
 + Level 0.5 Stealth
 + Level 3.2 Unarmed Combat
 + Level 2.0 Spellcasting
 + Level 3.1 Transmutations


You had 3 spell levels left.
You knew the following spells:

 Your Spells              Type           Power        Failure   Level  Hunger
a - Beastly Appendage     Tmut           #.....       8%          1    ##.....


Dungeon Overview and Level Annotations

Branches:
Dungeon (1/15)

Altars:


Innate Abilities, Weirdness & Mutations

You revert to your normal form in water.
You are very nimble and swift while swimming.
You are very stealthy in the water. (Stealth+)
You have a pair of horns on your head.


Message History

Casting: Beastly Appendage
Confirm with . or Enter, or press ? or * to list all spells.
You grow a pair of large bovine horns.
The goblin shouts!
The goblin hits you.
You barely miss the goblin. The goblin barely misses you.
You closely miss the goblin.
You kill the goblin!
The goblin shouts!
A rat comes into view.
You barely miss the goblin. The goblin hits you with a dagger.
A rat comes into view.
You are too injured to fight recklessly!
You are too injured to fight recklessly!
You closely miss the goblin. The goblin hits you with a dagger.
* * * LOW HITPOINT WARNING * * *
You hit the goblin but do no damage. The goblin hits you with a dagger.
* * * LOW HITPOINT WARNING * * *
You hit the goblin but do no damage. The goblin hits you with a dagger.
You die...

.##### .).#.. ##.#...
##....# # ##.....#)#
.........
.#.######.....#.##
...r.gg@.†........
##r#######†#..... #.†# ###
#.###### # ##'##*#^# #####
###...#########^#X#
#^#.>.....#≈#D#####
###########...###.#####....
..........##'##^#.......###


You could see 2 goblins and 2 rats.

Vanquished Creatures
  A giant cockroach (D:1)
  2 goblins (D:1)
  A hobgoblin (D:1)
  A frilled lizard (D:1)
5 creatures vanquished.

Notes
Turn   | Place    | Note
-------+----------+-------------------------------------------
     0 | D:1      | letownia2 the Merfolk Transmuter began the quest for the Orb.
     0 | D:1      | Reached XP level 1. HP: 15/15 MP: 3/3
     0 | D:1      | Noticed a tentacled monstrosity
     0 | D:1      | Noticed an ice dragon
     1 | D:1      | Noticed an ice dragon
     3 | D:1      | Noticed a large abomination
     7 | D:1      | Noticed an orb of fire
     8 | D:1      | Noticed a tentacled monstrosity
    10 | D:1      | Noticed a large abomination
    10 | D:1      | Noticed a shadow dragon
    17 | D:1      | Noticed an ice dragon
    18 | D:1      | Noticed a golden dragon
    19 | D:1      | Noticed an ice dragon
    21 | D:1      | Noticed a yellow draconian
    23 | D:1      | Noticed an orb of fire
    23 | D:1      | Noticed a large abomination
    79 | D:1      | Slain by a goblin

Skill      XL: |  1 |
---------------+----+-----
Transmutations | 3 |  3.1
Dodging        | 3 |  3.0
Fighting       | |  1.1
Stealth        | |  0.5
Unarmed Combat | |  3.2
Spellcasting   | |  2.0

Action                   || total
-------------------------++-------
Melee: Unarmed           ||    19
       Headbutt          ||     1
 Cast: Beastly Appendage ||     3
 Stab: Sleeping          ||     1
Armor: Robe              ||     2
Dodge: Dodged            ||     9
